 Dungeon Crawl Stone Soup version 0.30.0-20-g3615ddf2f0 (webtiles) character file.

Game seed: 12024261803021464473

30227 qw the Cleaver (level 13, -1/82 HPs)
             Began as a Gargoyle Fighter on May 31, 2023.
             Was an Elder of Okawaru.
             Slain by a death yak (6 damage)
             ... on level 4 of the Lair of Beasts.
             The game lasted 00:06:34 (12988 turns).

qw the Cleaver (Gargoyle Fighter)                  Turns: 12988, Time: 00:06:34

Health: -1/82      AC: 31    Str: 26    XL:     13   Next: 50%
Magic:  20/20      EV: 15    Int:  8    God:    Okawaru [****..]
Gold:   415        SH: 12    Dex:  9    Spells: 12/12 levels left

rFire   . . .        Y - +3 war axe
rCold   . . .        v - +0 kite shield
rNeg    + . .        h - +0 chain mail
rPois   inf          a - +0 helmet
rElec   +            m - +0 cloak
rCorr   .            t - +0 pair of gloves
SInv    +            b - +2 pair of boots
Will    .....        (no amulet) Stlth
                     s - ring of see invisible
HPRegen 0.33/turn    e - +5 ring of evasion
MPRegen 0.17/turn

%: no passive effects
@: heroic
A: sickness immunity, AC +9, negative energy resistance 1, electricity
resistance, torment resistance 1, petrification resistance
a: Renounce Religion, Heroism, Finesse


You were on level 4 of the Lair of Beasts.
You worshipped Okawaru.
Okawaru was greatly pleased with you.
You visited 3 branches of the dungeon, and saw 15 of its levels.

You collected 631 gold pieces.
You spent 216 gold pieces at shops.


Innate Abilities, Weirdness & Mutations

You are immune to sickness and miasma.
Your stone body is resilient. (AC +9)
You are immune to poison.
You resist negative energy. (rN+)
You are resistant to electric shocks. (rElec)
You are resistant to unholy torment.
You are immune to petrification.


   Skills:
 - Level 10.0(15.0) Fighting
 - Level 13.0(18.0) Axes
 - Level 3.2(8.2) Throwing
 + Level 8.8(13.8) Armour
 - Level 2.0(7.0) Dodging
 - Level 11.1(16.1) Shields
 - Level 10.0 Invocations


You had 12 spell levels left.
You didn't know any spells.
Your spell library was empty.

Inventory:

Hand Weapons
 u - the +10 eveningstar "Inemmeng" {pain, Str+3}
   (Okawaru gifted it to you on level 1 of the Lair of Beasts)

   Str:       It affects your strength (+3).
 Y - a +3 war axe (weapon)
Missiles
 r - 3 boomerangs (quivered)
Armour
 a - a +0 helmet (worn)
 b - a +2 pair of boots (worn)
 h - a +0 chain mail (worn)
 m - a +0 cloak (worn)
 t - a +0 pair of gloves (worn)
 v - a +0 kite shield (worn)
 w - a +2 ring mail of cold resistance
Jewellery
 e - a +5 ring of evasion (right hand)
 j - a ring of willpower
 p - a ring of ice
 s - a ring of see invisible (left hand)
 y - a ring of positive energy
Scrolls
 g - a scroll of identify
Potions
 d - a potion of might
 f - 5 potions of lignification
 i - 8 potions of curing
 k - 2 potions of attraction
 l - 2 potions of mutation
 o - a potion of resistance

Dungeon Overview and Level Annotations

Branches:
Dungeon (10/15)            Temple (1/1) D:7            Lair (4/5) D:10
 Shoals (0/4) Lair:2        Snake (0/4) Lair:2
  Slime: Lair:4-5       Orc: D:9-12

Altars:
Ashenzari
Cheibriados
Dithmenos
Elyvilon
Fedhas
Gozag
Hepliaklqana
Kikubaaqudgha
Makhleb
Nemelex Xobeh
Okawaru
Qazlal
Ru
Sif Muna
Trog
Uskayaw
Vehumet
Wu Jian
Xom
Yredelemnul
Zin
The Shining One

Shops:
D:1 :   D:6 *   D:7 *

Annotations:
D:2 1 runed translucent door, Crazy Yiuf
D:8 3 runed translucent doors, qw's ghost, novice GrFi


Message History

You slice the yak!!
You kill the yak!
Okawaru accepts your kill.
You slash the death yak! You hit the death yak. x3
You slash the death yak!
The death yak is heavily wounded.
You hit the death yak but do no damage. x2; You slash the death yak!
You block the death yak's attack. The death yak misses you.
The death yak gores you but does no damage.
The death yak barely misses you.
You completely miss the yak.
The yak is heavily wounded.
You barely miss the death yak. You completely miss the death yak.
You slash the death yak! You hit the death yak but do no damage.
The death yak gores you but does no damage.
You block the yak's attack.
The death yak gores you but does no damage.
The death yak closely misses you. You block the death yak's attack.
You hit the death yak but do no damage.
The death yak is severely wounded.
You hit the death yak but do no damage. You hit the death yak.
You hit the death yak but do no damage. You slash the yak!
You block the death yak's attack. x2; The death yak gores you.
The death yak misses you. The yak misses you.
You slash the yak!
You kill the yak!
Okawaru accepts your kill.
You hit the death yak but do no damage. You slash the death yak!
You hit the death yak. x2
The death yak gores you. The death yak closely misses you.
The death yak gores you. You block the death yak's attack.
You slice the death yak!!
You kill the death yak!
Okawaru accepts your kill.
You hit the death yak but do no damage. You barely miss the death yak. x2
You hit the death yak.
The death yak is severely wounded.
You hit the death yak. x2
The death yak gores you.
You die...

.##.........
............. .
....>....... ..
........... ....
..........##....
........F......(
.......YYY.....:
......>.@%......
........#%......
.........#......
..>..........P..........
........................
............#..........
.P....................
.P...................
#...................


You could see 3 death yaks and a cane toad.

Vanquished Creatures
  A hydra (Lair:4)
  A centaur warrior (D:10)
  A two-headed ogre (D:9)
  2 death yaks (Lair:4)
  A boulder beetle (Lair:4)
  Pikel (D:7)
  A cyclops (D:9)
  5 elephants (Lair:4)
  11 black mambas
  Maggie (Lair:1)
  5 cane toads
  A rime drake (Lair:2)
  6 komodo dragons
  A polar bear (Lair:2)
  A hornet (D:9)
  Prince Ribbit (Lair:1)
  4 blink frogs (Lair:1)
  50 yaks
  2 shadows (D:9)
  A wraith (D:9)
  3 wyverns
  A basilisk (Lair:2)
  2 steam dragons
  An acid dragon (D:10)
  14 water moccasins
  3 orc warriors
  2 sky beasts
  2 black bears (D:10)
  A centaur (D:6)
  27 wolves
  2 lemures (D:7)
  2 kobold brigands
  6 bullfrogs
  2 gnoll sergeants
  2 scorpions
  10 wights
  9 killer bees
  3 howler monkeys
  3 electric eels (D:9)
  4 crimson imps (D:8)
  A bullfrog zombie (D:6)
  A gnoll bouda (D:10)
  5 hounds
  4 orc priests
  2 jellies
  2 sleepcaps
  4 iguanas
  5 orc wizards
  Terence (D:3)
  A killer bee zombie (D:6)
  17 gnolls
  8 adders
  A white imp (D:7)
  An ufetubus (D:4)
  4 worms
  A dart slug (D:1)
  29 orcs
  4 ball pythons
  7 bats
  13 endoplasms
  3 giant cockroaches
  12 goblins
  5 hobgoblins
  5 jackals
  20 kobolds
  A quokka (D:1)
  4 frilled lizards
  4 rats (D:1)
361 creatures vanquished.

Notes
Turn   | Place    | Note
-------+----------+-------------------------------------------
     0 | D:1      | qw the Gargoyle Fighter began the quest for the Orb.
     0 | D:1      | Reached XP level 1. HP: 14/14 MP: 1/1
     0 | D:1      | 0 ||| qw: Version: 0.2-a-102-gfc559e5
     0 | D:1      | 0 ||| qw: Game counter: 502
     0 | D:1      | 0 ||| qw: Always use a shield: true
     0 | D:1      | 0 ||| qw: God list: Okawaru
     0 | D:1      | 0 ||| qw: Allow faded altars: false
     0 | D:1      | 0 ||| qw: Do Orc after D:15 true
     0 | D:1      | 0 ||| qw: Do second Lair branch before Depths: true
     0 | D:1      | 0 ||| qw: Lair rune preference: random
     0 | D:1      | 0 ||| qw: Plans: Normal, Zot:1-4, Slime:5, God:TSO, Crypt,
                  | Tomb, Pan, Hells, Abyss, Win
     0 | D:1      | 0 ||| PLANNING D:1-11
   105 | D:1      | Reached skill level 2 in Axes
   205 | D:1      | Found Has Koett's Book Boutique.
   369 | D:1      | Reached XP level 2. HP: 19/19 MP: 2/2
   436 | D:1      | 436 ||| Stepping ~*~*~tactically~*~*~ (hiding).
   604 | D:1      | Reached skill level 3 in Axes
   698 | D:1      | Reached XP level 3. HP: 23/23 MP: 3/3
  1207 | D:1      | 1207 ||| DROPPING +0 club.
  1272 | D:1      | 1272 ||| UPGRADING to +0 chain mail.
  1282 | D:1      | 1282 ||| DROPPING +0 scale mail.
  1283 | D:1      | 1283 ||| READING scroll labelled XINEOC XUPT.
  1288 | D:1      | 1288 ||| READING 2 scrolls labelled KITUDW ZUVOAMO.
  1289 | D:1      | 1289 ||| READING scroll labelled NOLASO PUSIBE.
  1290 | D:1      | 1290 ||| READING scroll labelled ERCHYR PAUR.
  1291 | D:1      | 1291 ||| DROPPING scroll of fear.
  1344 | D:2      | 1344 ||| Stepping ~*~*~tactically~*~*~ (stealth).
  2144 | D:2      | Found a runed translucent door.
  2145 | D:2      | Noticed Crazy Yiuf
  2148 | D:2      | 2148 ||| UPGRADING to +0 helmet.
  2153 | D:2      | 2153 ||| READING scroll labelled HOPHOA LID UNO.
  2154 | D:2      | 2154 ||| READING 3 scrolls labelled GAOGEST ACUDAY.
  2155 | D:2      | 2155 ||| DRINKING 3 silvery potions.
  2156 | D:2      | 2156 ||| READING 2 scrolls of identify.
  2156 | D:2      | 2156 ||| IDENTIFYING smoky clear potion
  2157 | D:2      | 2157 ||| DROPPING 2 potions of flight.
  2275 | D:3      | Noticed Terence
  2283 | D:3      | Reached XP level 4. HP: 20/28 MP: 4/4
  2285 | D:3      | HP: 5/28 [Terence/+0 flail (8)]
  2286 | D:3      | Killed Terence
  2287 | D:3      | Reached skill level 4 in Axes
  2381 | D:3      | 2381 ||| DROPPING +0 mace.
  2444 | D:3      | 2444 ||| Stepping ~*~*~tactically~*~*~ (hiding).
  2514 | D:3      | 2514 ||| Stepping ~*~*~tactically~*~*~ (stealth).
  2527 | D:3      | Reached XP level 5. HP: 32/32 MP: 5/5
  2582 | D:3      | 2582 ||| UPGRADING to +0 cloak.
  2700 | D:3      | Reached skill level 5 in Axes
  2888 | D:3      | 2888 ||| READING scroll labelled UMEPPOAMAT.
  2889 | D:3      | 2889 ||| READING scroll labelled WOUTUO FEILI.
  2890 | D:3      | 2890 ||| READING 2 scrolls of identify.
  2890 | D:3      | 2890 ||| IDENTIFYING dark potion
  2931 | D:4      | 2931 ||| Stepping ~*~*~tactically~*~*~ (stealth).
  2932 | D:4      | 2932 ||| Stepping ~*~*~tactically~*~*~ (stealth).
  2938 | D:4      | Reached XP level 6. HP: 38/38 MP: 6/6
  2946 | D:4      | 2946 ||| READING scroll of enchant weapon.
  2946 | D:4      | 2946 ||| ENCHANTING +1 war axe.
  3017 | D:4      | Reached skill level 6 in Axes
  3113 | D:4      | 3113 ||| Stepping ~*~*~tactically~*~*~ (hiding).
  3121 | D:4      | Reached XP level 7. HP: 30/43 MP: 7/7
  3122 | D:4      | Reached skill level 1 in Dodging
  3122 | D:4      | 3122 ||| FLEEEEING.
  3200 | D:4      | Found a shadowy altar of Dithmenos.
  3209 | D:4      | 3209 ||| Stepping ~*~*~tactically~*~*~ (stealth).
  3349 | D:4      | Found a sparkling altar of Nemelex Xobeh.
  3406 | D:4      | 3406 ||| READING scroll of enchant weapon.
  3406 | D:4      | 3406 ||| ENCHANTING +2 war axe.
  3639 | D:4      | 3639 ||| READING scroll labelled XILEOKHLEGI.
  3649 | D:5      | Entered Level 5 of the Dungeon
  3805 | D:5      | 3805 ||| Stepping ~*~*~tactically~*~*~ (stealth).
  3807 | D:5      | 3807 ||| Stepping ~*~*~tactically~*~*~ (stealth).
  3809 | D:5      | 3809 ||| Stepping ~*~*~tactically~*~*~ (stealth).
  3811 | D:5      | 3811 ||| Stepping ~*~*~tactically~*~*~ (stealth).
  3942 | D:5      | Reached skill level 7 in Axes
  4258 | D:5      | Reached skill level 1 in Throwing
  4353 | D:5      | Found a broken altar of Ashenzari.
  4361 | D:5      | Reached XP level 8. HP: 49/49 MP: 8/8
  4366 | D:5      | 4366 ||| UPGRADING to ring of willpower.
  4367 | D:5      | 4367 ||| READING scroll labelled FUITRO BIEBUTO.
  4368 | D:5      | 4368 ||| READING 3 scrolls labelled QEWNOL ESTRUD.
  4369 | D:5      | 4369 ||| DRINKING 2 murky green potions.
  4370 | D:5      | 4370 ||| READING 3 scrolls of identify.
  4370 | D:5      | 4370 ||| IDENTIFYING cyan potion
  4371 | D:5      | 4371 ||| READING 2 scrolls of identify.
  4371 | D:5      | 4371 ||| IDENTIFYING bubbling blue potion
  4372 | D:5      | 4372 ||| DROPPING potion of ambrosia.
  4373 | D:5      | 4373 ||| DROPPING 2 scrolls of fog.
  4546 | D:6      | 4546 ||| Stepping ~*~*~tactically~*~*~ (stealth).
  4687 | D:6      | 4687 ||| UPGRADING to +5 ring of evasion.
  4688 | D:6      | 4688 ||| READING 3 scrolls of identify.
  4688 | D:6      | 4688 ||| IDENTIFYING coppery potion
  4689 | D:6      | 4689 ||| READING 2 scrolls of identify.
  4689 | D:6      | 4689 ||| IDENTIFYING blue potion
  4748 | D:6      | Found Xaumeim's Assorted Antiques.
  4758 | D:6      | 4758 ||| BUYING pair of gloves (112 gold).
  4758 | D:6      | Bought a pair of gloves for 112 gold pieces
  4758 | D:6      | 4758 ||| SHOPLISTING potion of heal wounds (125 gold, have
                  | 76).
  4758 | D:6      | 4758 ||| SHOPLISTING potion of might (100 gold, have 76).
  4758 | D:6      | 4758 ||| SHOPLISTING potion of resistance (250 gold, have
                  | 76).
  4758 | D:6      | 4758 ||| SHOPLISTING runed scale mail (175 gold, have 76).
  4758 | D:6      | 4758 ||| SHOPLISTING scroll of enchant armour (187 gold,
                  | have 76).
  4758 | D:6      | 4758 ||| SHOPLISTING tourmaline ring (125 gold, have 76).
  4914 | D:6      | Reached skill level 8 in Axes
  5067 | D:6      | Found a basalt altar of Yredelemnul.
  5202 | D:6      | 5202 ||| UPGRADING to +0 pair of gloves.
  5207 | D:6      | 5207 ||| UPGRADING to amulet of guardian spirit.
  5212 | D:6      | 5212 ||| UPGRADING to ring of see invisible.
  5237 | D:7      | Noticed Pikel
  5238 | D:7      | 5238 ||| Stepping ~*~*~tactically~*~*~ (stealth).
  5239 | D:7      | 5239 ||| Stepping ~*~*~tactically~*~*~ (stealth).
  5264 | D:7      | Killed Pikel
  5265 | D:7      | Reached skill level 6 in Armour
  5393 | D:7      | Found Benlin's Assorted Antiques.
  5400 | D:7      | 5400 ||| SHOPLISTING 3 scrolls of teleportation (234 gold,
                  | have 107).
  5400 | D:7      | 5400 ||| BUYING potion of curing (78 gold).
  5400 | D:7      | Bought a potion of curing for 78 gold pieces
  5400 | D:7      | 5400 ||| SHOPLISTING potion of heal wounds (130 gold, have
                  | 29).
  5400 | D:7      | 5400 ||| BUYING scroll labelled HEUSHE MUCUSCH (26 gold).
  5400 | D:7      | Bought a scroll labelled HEUSHE MUCUSCH for 26 gold pieces
  5408 | D:7      | 5408 ||| Stepping ~*~*~tactically~*~*~ (hiding).
  5419 | D:7      | Reached XP level 9. HP: 46/54 MP: 6/9
  5419 | D:7      | 5419 ||| Stepping ~*~*~tactically~*~*~ (stealth).
  5430 | D:7      | 5430 ||| Stepping ~*~*~tactically~*~*~ (stealth).
  5438 | D:7      | Reached skill level 6 in Fighting
  5553 | D:7      | Found a staircase to the Ecumenical Temple.
  5554 | D:7      | 5554 ||| PLANNING TEMPLE
  5554 | D:7      | 5554 ||| UPGRADING to +0 kite shield.
  5564 | D:7      | 5564 ||| DROPPING +0 buckler.
  5565 | D:7      | 5565 ||| READING scroll labelled HEUSHE MUCUSCH.
  5570 | Temple   | Entered the Ecumenical Temple
  5578 | Temple   | 5578 ||| PLANNING OKAWARU WORSHIP
  5749 | Temple   | Became a worshipper of Warmaster Okawaru
  5749 | Temple   | 5749 ||| PLANNING D:1-11
  5750 | Temple   | 5750 ||| REMOVING amulet of guardian spirit.
  5755 | Temple   | 5755 ||| DROPPING amulet of guardian spirit.
  5776 | D:7      | 5776 ||| Stepping ~*~*~tactically~*~*~ (stealth).
  5795 | D:7      | 5795 ||| Stepping ~*~*~tactically~*~*~ (stealth).
  5797 | D:7      | 5797 ||| Stepping ~*~*~tactically~*~*~ (stealth).
  5803 | D:7      | 5803 ||| Stepping ~*~*~tactically~*~*~ (stealth).
  6165 | D:7      | 6165 ||| Stepping ~*~*~tactically~*~*~ (stealth).
  6168 | D:7      | 6168 ||| Stepping ~*~*~tactically~*~*~ (stealth).
  6201 | D:7      | 6201 ||| DROPPING +0 flail.
  6236 | D:7      | 6236 ||| Stepping ~*~*~tactically~*~*~ (hiding).
  6278 | D:7      | Noticed a boulder beetle
  6350 | D:8      | 6350 ||| STAIRDANCE
  6468 | D:8      | 6468 ||| Stepping ~*~*~tactically~*~*~ (cloud).
  6726 | D:8      | Reached skill level 6 in Shields
  6766 | D:8      | Reached * piety under Okawaru
  6772 | D:8      | Reached skill level 1 in Invocations
  6797 | D:8      | 6797 ||| FLEEEEING.
  6863 | D:8      | Found a shimmering altar of Xom.
  6877 | D:8      | 6877 ||| Stepping ~*~*~tactically~*~*~ (stealth).
  6878 | D:8      | 6878 ||| Stepping ~*~*~tactically~*~*~ (stealth).
  6879 | D:8      | 6879 ||| Stepping ~*~*~tactically~*~*~ (stealth).
  6923 | D:8      | Found a runed translucent gate.
  6923 | D:8      | Found a runed translucent gate.
  6923 | D:8      | Found a runed translucent gate.
  6923 | D:8      | Noticed qw's ghost (novice GrFi)
  7017 | D:8      | Reached skill level 3 in Invocations
  7019 | D:8      | 7019 ||| INVOKING Heroism.
  7025 | D:8      | Reached XP level 10. HP: 38/60 MP: 8/12
  7035 | D:8      | HP: 13/60 [yak (5)]
  7036 | D:8      | 7036 ||| READING scroll of teleportation.
  7037 | D:8      | 7037 ||| DRINKING 2 potions of heal wounds.
  7038 | D:8      | 7038 ||| INVOKING Heroism.
  7123 | D:8      | 7123 ||| Stepping ~*~*~tactically~*~*~ (stealth).
  7132 | D:8      | 7132 ||| INVOKING Heroism.
  7134 | D:8      | Reached skill level 9 in Axes
  7303 | D:8      | Found a shimmering blue altar of Sif Muna.
  7378 | D:8      | 7378 ||| UPGRADING to +2 pair of boots.
  7419 | D:9      | 7419 ||| Stepping ~*~*~tactically~*~*~ (water).
  7429 | D:9      | 7429 ||| INVOKING Heroism.
  7441 | D:9      | Reached ** piety under Okawaru
  7539 | D:9      | Noticed a cyclops
  7540 | D:9      | 7540 ||| INVOKING Heroism.
  7560 | D:9      | Killed a cyclops
  7561 | D:9      | Reached skill level 9 in Shields
  7693 | D:9      | 7693 ||| Stepping ~*~*~tactically~*~*~ (stealth).
  7778 | D:9      | 7778 ||| Stepping ~*~*~tactically~*~*~ (stealth).
  7780 | D:9      | 7780 ||| Stepping ~*~*~tactically~*~*~ (hiding).
  7781 | D:9      | 7781 ||| Stepping ~*~*~tactically~*~*~ (hiding).
  7782 | D:9      | 7782 ||| Stepping ~*~*~tactically~*~*~ (hiding).
  7784 | D:9      | 7784 ||| Stepping ~*~*~tactically~*~*~ (hiding).
  7786 | D:9      | 7786 ||| Stepping ~*~*~tactically~*~*~ (hiding).
  7787 | D:9      | 7787 ||| Stepping ~*~*~tactically~*~*~ (hiding).
  7790 | D:9      | 7790 ||| INVOKING Heroism.
  7836 | D:9      | 7836 ||| INVOKING Heroism.
  7863 | D:9      | Noticed a two-headed ogre
  7864 | D:9      | 7864 ||| INVOKING Heroism.
  7872 | D:9      | Killed a two-headed ogre
  7872 | D:9      | Reached *** piety under Okawaru
  7873 | D:9      | Reached skill level 10 in Axes
  7885 | D:9      | 7885 ||| INVOKING Heroism.
  7931 | D:9      | Found a sacrificial altar of Ru.
  8055 | D:9      | Reached XP level 11. HP: 68/68 MP: 14/14
  8115 | D:9      | 8115 ||| INVOKING Heroism.
  8116 | D:9      | 8116 ||| Stepping ~*~*~tactically~*~*~ (cloud).
  8146 | D:9      | 8146 ||| DROPPING +1 flail of holy wrath.
  8225 | D:9      | 8225 ||| INVOKING Heroism.
  8227 | D:9      | 8227 ||| DRINKING 5 potions of curing.
  8227 | D:9      | 8227 ||| (to cure confusion)
  8329 | D:10     | Entered Level 10 of the Dungeon
  8335 | D:10     | 8335 ||| FLEEEEING.
  8336 | D:10     | 8336 ||| FLEEEEING.
  8337 | D:10     | 8337 ||| FLEEEEING.
  8339 | D:10     | 8339 ||| STAIRDANCE
  8483 | D:10     | 8483 ||| Stepping ~*~*~tactically~*~*~ (stealth).
  8484 | D:10     | 8484 ||| Stepping ~*~*~tactically~*~*~ (stealth).
  8485 | D:10     | 8485 ||| Stepping ~*~*~tactically~*~*~ (stealth).
  8487 | D:10     | 8487 ||| Stepping ~*~*~tactically~*~*~ (stealth).
  8496 | D:10     | 8496 ||| INVOKING Heroism.
  8515 | D:10     | Found a staircase to the Lair.
  8562 | D:10     | Reached skill level 11 in Axes
  8612 | D:10     | 8612 ||| Stepping ~*~*~tactically~*~*~ (hiding).
  8615 | D:10     | 8615 ||| Stepping ~*~*~tactically~*~*~ (hiding).
  8619 | D:10     | 8619 ||| INVOKING Heroism.
  8647 | D:10     | 8647 ||| Stepping ~*~*~tactically~*~*~ (hiding).
  8699 | D:10     | 8699 ||| Stepping ~*~*~tactically~*~*~ (hiding).
  8702 | D:10     | 8702 ||| INVOKING Heroism.
  8737 | D:10     | 8737 ||| INVOKING Heroism.
  9193 | D:10     | Noticed a centaur warrior
  9194 | D:10     | 9194 ||| Stepping ~*~*~tactically~*~*~ (hiding).
  9203 | D:10     | Killed a centaur warrior
  9415 | D:10     | 9415 ||| PLANNING LAIR
  9415 | D:10     | 9415 ||| READING scroll labelled ZIDES TOAGIR.
  9453 | Lair:1   | Entered Level 1 of the Lair of Beasts
  9458 | Lair:1   | 9458 ||| INVOKING Heroism.
  9468 | Lair:1   | Reached **** piety under Okawaru
  9567 | Lair:1   | 9567 ||| Stepping ~*~*~tactically~*~*~ (stealth).
  9583 | Lair:1   | 9583 ||| INVOKING Heroism.
  9590 | Lair:1   | Reached skill level 9 in Fighting
  9613 | Lair:1   | Reached skill level 6 in Invocations
  9615 | Lair:1   | HP: 14/71 [yak (11)]
  9616 | Lair:1   | 9616 ||| DRINKING 3 potions of heal wounds.
  9621 | Lair:1   | Reached ***** piety under Okawaru
  9622 | Lair:1   | Reached XP level 12. HP: 27/76 MP: 16/16
  9624 | Lair:1   | 9624 ||| INVOKING Heroism.
  9819 | Lair:1   | 9819 ||| INVOKING Heroism.
  9829 | Lair:1   | Received a gift from Okawaru
 10026 | Lair:1   | Noticed Maggie
 10027 | Lair:1   | 10027 ||| Stepping ~*~*~tactically~*~*~ (hiding).
 10029 | Lair:1   | 10029 ||| Stepping ~*~*~tactically~*~*~ (hiding).
 10030 | Lair:1   | 10030 ||| Stepping ~*~*~tactically~*~*~ (hiding).
 10031 | Lair:1   | 10031 ||| Stepping ~*~*~tactically~*~*~ (hiding).
 10032 | Lair:1   | 10032 ||| Stepping ~*~*~tactically~*~*~ (hiding).
 10033 | Lair:1   | 10033 ||| Stepping ~*~*~tactically~*~*~ (hiding).
 10034 | Lair:1   | 10034 ||| Stepping ~*~*~tactically~*~*~ (hiding).
 10042 | Lair:1   | 10042 ||| INVOKING Heroism.
 10052 | Lair:1   | Killed Maggie
 10263 | Lair:1   | Identified the +10 eveningstar "Inemmeng" {pain, Str+3}
                  | (Okawaru gifted it to you on level 1 of the Lair of Beasts)
 10263 | Lair:1   | Received a gift from Okawaru
 10270 | Lair:1   | Reached skill level 12 in Axes
 10271 | Lair:1   | 10271 ||| DROPPING +0 morningstar.
 10299 | Lair:1   | 10299 ||| Stepping ~*~*~tactically~*~*~ (stealth).
 10362 | Lair:1   | Noticed Prince Ribbit
 10363 | Lair:1   | 10363 ||| Stepping ~*~*~tactically~*~*~ (stealth).
 10364 | Lair:1   | 10364 ||| INVOKING Heroism.
 10369 | Lair:1   | 10369 ||| Stepping ~*~*~tactically~*~*~ (stealth).
 10371 | Lair:1   | Killed Prince Ribbit
 10636 | Lair:1   | 10636 ||| READING 2 scrolls of identify.
 10636 | Lair:1   | 10636 ||| IDENTIFYING lumpy purple potion
 10637 | Lair:1   | 10637 ||| DROPPING potion of degeneration.
 10694 | Lair:2   | Found a basalt altar of Yredelemnul.
 10726 | Lair:2   | 10726 ||| INVOKING Heroism.
 10963 | Lair:2   | Reached skill level 9 in Invocations
 10965 | Lair:2   | 10965 ||| INVOKING Heroism.
 10984 | Lair:2   | HP: 18/76 [water moccasin (7)]
 10985 | Lair:2   | 10985 ||| DRINKING 2 potions of heal wounds.
 11168 | Lair:2   | Found a staircase to the Snake Pit.
 11198 | Lair:2   | 11198 ||| INVOKING Heroism.
 11282 | Lair:2   | Found a staircase to the Shoals.
 11344 | Lair:2   | Reached XP level 13. HP: 82/82 MP: 20/20
 11350 | Lair:2   | 11350 ||| Stepping ~*~*~tactically~*~*~ (hiding).
 11352 | Lair:2   | 11352 ||| Stepping ~*~*~tactically~*~*~ (hiding).
 11354 | Lair:2   | 11354 ||| Stepping ~*~*~tactically~*~*~ (hiding).
 11368 | Lair:2   | Reached skill level 3 in Throwing
 11678 | Lair:2   | 11678 ||| READING 3 scrolls of identify.
 11678 | Lair:2   | 11678 ||| IDENTIFYING orange potion
 11679 | Lair:2   | 11679 ||| DROPPING potion of berserk rage.
 11713 | Lair:3   | 11713 ||| Stepping ~*~*~tactically~*~*~ (stealth).
 11714 | Lair:3   | 11714 ||| INVOKING Heroism.
 11757 | Lair:3   | 11757 ||| INVOKING Heroism.
 11810 | Lair:3   | 11810 ||| INVOKING Heroism.
 11995 | Lair:3   | 11995 ||| INVOKING Heroism.
 12467 | Lair:3   | 12467 ||| DROPPING +2 scale mail of poison resistance.
 12468 | Lair:3   | 12468 ||| READING 2 scrolls of identify.
 12468 | Lair:3   | 12468 ||| IDENTIFYING glowing clear potion
 12469 | Lair:3   | 12469 ||| DROPPING potion of invisibility.
 12513 | Lair:4   | 12513 ||| INVOKING Heroism.
 12624 | Lair:4   | Received a gift from Okawaru
 12630 | Lair:4   | 12630 ||| INVOKING Heroism.
 12649 | Lair:4   | 12649 ||| INVOKING Heroism.
 12691 | Lair:4   | 12691 ||| INVOKING Heroism.
 12740 | Lair:4   | Reached skill level 13 in Axes
 12740 | Lair:4   | 12740 ||| SWAPPING to +10 eveningstar "Inemmeng" {pain,
                  | Str+3}.
 12745 | Lair:4   | 12745 ||| INVOKING Heroism.
 12745 | Lair:4   | HP: 18/82 [eight-headed hydra (3)]
 12746 | Lair:4   | 12746 ||| DRINKING potion of heal wounds.
 12749 | Lair:4   | 12749 ||| SWAPPING to +3 war axe.
 12854 | Lair:4   | 12854 ||| Stepping ~*~*~tactically~*~*~ (stealth).
 12961 | Lair:4   | 12961 ||| INVOKING Heroism.
 12978 | Lair:4   | Received a gift from Okawaru
 12981 | Lair:4   | HP: 14/82 [death yak (15)]
 12986 | Lair:4   | HP: 8/82 [death yak (5)]
 12988 | Lair:4   | Slain by a death yak

Levels and vault maps discovered:
D:1:      minmay_arrival_stone_box, layout_basic, serial_shops, shop
D:2:      layout_basic, minmay_misc_feat_roman, roderic_lattice_a,
          chequers_serial_rivers_marsh, uniq_crazy_yiuf_cottage
D:3:      layout_rooms, grunt_decor_arrowhead, small_statue_alley_b,
          st_stairs_12, grunt_decor_mini_mirrors, uniq_terence
D:4:      layout_rooms, grunt_dithmenos_smoke_and_mirrors,
          general_overflow_altar, chequers_serial_rivers_marsh, minmay_vboxes
D:5:      layout_basic, marbit_many_paths
D:6:      layout_basic, lemuel_zombie_altar_yredelemnul, serial_shops, shop,
          reono_crystal_passage
D:7:      layout_loops_cross, serial_shops, nicolae_diamond_shop,
          lightli_corner_chamber, uniq_pikel
D:8:      layout_loops_ring, led_xom_imps, led_sif_pool,
          biasface_ghost_orc_armoury
D:9:      layout_basic, mainiacjoe_overflow_concentric_impassable,
          enter_bailey_3, st_stairs_1
D:10:     layout_gridville, david_lair_generic, dk_vineyard_3,
          ebering_dispersal_statue_hall
Temple:   nicolae_temple_bog_church
Lair:1:   layout_regular_city, grunt_forest_large_clearings,
          infiniplex_staircase_pool_2, lemuel_fruit_tree, uniq_prince_ribbit2,
          uniq_maggie
Lair:2:   layout_cave_pods, elwin_shoals_entry_rocks,
          minmay_snake_entry_six_corridors, basic_altar
Lair:3:   layout_misc_corridors, st_stairs_7
Lair:4:   layout_hall_layers, minmay_slime_entry_oklob_open,
          serial_bayou_shore_b, uniq_nessos

Skill      XL: |  1  2  3  4  5  6  7  8  9 10 11 12 13 |
---------------+----------------------------------------+-----
Axes           | 2 3 4 5 6 7 8 10 11 12 13 | 13.0
Fighting       | 4 5 6 7 9 10 | 10.0
Dodging        | 1 2 |  2.0
Throwing       | 1 2 3 |  3.2
Armour         | 6 7 8 |  8.8
Shields        | 8 9 10 11 | 11.1
Invocations    | 3 4 6 10 | 10.0

Action                     |  1- 3 |  4- 6 |  7- 9 | 10-12 | 13-15 || total
---------------------------+-------+-------+-------+-------+-------++-------
  Melee: War axe           |    89 |    87 |   324 |   502 |   152 ||  1154
         Eveningstar       |       |       |       |       |     6 ||     6
  Throw: Boomerang         |    38 |    21 |    38 |    45 |    24 ||   166
         Javelin           |       |       |       |    20 |    17 ||    37
 Invoke: Heroism           |       |       |     1 |    23 |    10 ||    34
    Use: Scroll            |     7 |     4 |     9 |     3 |     2 ||    25
         Potion            |     1 |       |     1 |     4 |     1 ||     7
 Armour: Scale mail        |    27 |       |       |       |       ||    27
         Chain mail        |    17 |    49 |   178 |   233 |    54 ||   531
  Dodge: Dodged            |    27 |    20 |   164 |   360 |    60 ||   631
  Block: Buckler           |    12 |    16 |    53 |       |       ||    81
         Kite shield       |       |       |    84 |   360 |    71 ||   515

Table legend:
 A = Non-vault XP
 B = Vault XP
 C = Vault XP percentage of total XP
 D = Non-vault monster count
 E = Vault monster count
 F = Vault count percentage of total count
                 A         B        C        D         E       F
            +---------+---------+-------+---------+---------+-------
      Total |   32819 |   10363 |  24.0 |     285 |      74 |  20.6
            +---------+---------+-------+---------+---------+-------
        D:1 |      46 |       0 |   0.0 |      27 |       0 |   0.0
        D:2 |      22 |       0 |   0.0 |      11 |       0 |   0.0
        D:3 |     191 |      44 |  18.7 |      24 |       3 |  11.1
        D:4 |     338 |     169 |  33.3 |      21 |       8 |  27.6
        D:5 |     387 |      13 |   3.2 |       9 |       1 |  10.0
        D:6 |     413 |      75 |  15.4 |       7 |       2 |  22.2
        D:7 |     429 |     607 |  58.6 |      15 |       1 |   6.2
        D:8 |    2681 |     196 |   6.8 |      36 |       4 |  10.0
        D:9 |    4070 |     261 |   6.0 |      32 |       6 |  15.8
       D:10 |    3680 |     667 |  15.3 |      34 |       4 |  10.5
     Lair:1 |    6603 |    4475 |  40.4 |      29 |      30 |  50.8
     Lair:2 |    3552 |    3657 |  50.7 |      15 |      14 |  48.3
     Lair:3 |    2287 |     199 |   8.0 |       8 |       1 |  11.1
     Lair:4 |    8120 |       0 |   0.0 |      17 |       0 |   0.0
            +---------+---------+-------+---------+---------+-------
